PUBAA
SAVANNAH INDIANS @ PARADISE VALLEY POLAR KINGS
08/07/1972
 
TOP OF THE 1ST
Savannah Indians batting - Pitching for Paradise Valley Polar Kings : RHP Carlos Moreno
Pitching: RHP Carlos Moreno
Batting: LHB Greg Parks 0-0: Ball
1-0: Called Strike
1-1: Ball
2-1: Ball
3-1: Base on Balls
Batting: LHB Octávio Herrera 0-0: Ball
1-0: Called Strike
Greg Parks steals 2nd base
1-1: Sac Bunt to 5S - play at first, batter OUT! 5-4
Greg Parks to third
Batting: RHB Cedric Young 0-0: Ball
1-0: Called Strike
1-1: 2-RUN HOME RUN (Flyball, 89XD, EV 106.9 MPH), Distance : 428 ft
Batting: LHB Duke Sims 0-0: Foul Ball, location: 9LSFF
0-1: Foul Ball, location: 2F
0-2: Ball
1-2: Ground out 6-3 (Groundball, 6, EV 85.0 MPH)
Batting: RHB Jeff Burroughs 0-0: Called Strike
0-1: Fly out, F7 (Flyball, 7S, EV 86.9 MPH)
Top of the 1st over - 2 runs, 1 hit, 0 errors, 0 left on base; Savannah 2 - Paradise Valley 0
BOTTOM OF THE 1ST
Paradise Valley Polar Kings batting - Pitching for Savannah Indians : LHP Akihiro Sasaki
Pitching: LHP Akihiro Sasaki
Batting: LHB Germán Ramírez 0-0: Foul Ball, location: 3FF
0-1: Ground out 4-3 (Groundball, 34, EV 80.6 MPH)
Batting: RHB Will Bland 0-0: Ball
1-0: Called Strike
1-1: Fly out, F8 (Flyball, 8RXD, EV 96.9 MPH)
Batting: LHB Greg Mills 0-0: Swinging Strike
0-1: Called Strike
0-2: Ball
1-2: Ball
2-2: Ground out 5-3 (Groundball, 56, EV 91.3 MPH)
Bottom of the 1st over - 0 runs, 0 hits, 0 errors, 0 left on base; Savannah 2 - Paradise Valley 0
TOP OF THE 2ND
Savannah Indians batting - Pitching for Paradise Valley Polar Kings : RHP Carlos Moreno
Batting: LHB Brenton Collins 0-0: Called Strike
0-1: Foul Ball, location: 2F
0-2: Ball
1-2: Ball
2-2: Foul Ball, location: 7LDF
2-2: Ground out 5-3 (Groundball, 5L, EV 108.8 MPH)
Batting: LHB Harvey Howell 0-0: Called Strike
0-1: Swinging Strike
0-2: Ground out U3 (Groundball, 34S, EV 64.4 MPH)
Batting: LHB Ed Kranepool 0-0: Ball
1-0: Fly out, F8 (Flyball, 8RD, EV 86.3 MPH)
Top of the 2nd over - 0 runs, 0 hits, 0 errors, 0 left on base; Savannah 2 - Paradise Valley 0
BOTTOM OF THE 2ND
Paradise Valley Polar Kings batting - Pitching for Savannah Indians : LHP Akihiro Sasaki
Batting: RHB Noel Byrd 0-0: Fly out, F8 (Flyball, 8RM, EV 79.4 MPH)
Batting: LHB Emílio Manuel 0-0: Foul Ball, location: 3F
0-1: Swinging Strike
0-2: Foul Ball, location: 3SF
0-2: Strikes out swinging
Batting: RHB Katsuyoshi Fujii 0-0: Swinging Strike
0-1: Ball
1-1: Ball
2-1: Foul Ball, location: 7LSF
2-2: Ball
3-2: Ground out 6-3 (Groundball, 6, EV 103.1 MPH)
Bottom of the 2nd over - 0 runs, 0 hits, 0 errors, 0 left on base; Savannah 2 - Paradise Valley 0
TOP OF THE 3RD
Savannah Indians batting - Pitching for Paradise Valley Polar Kings : RHP Carlos Moreno
Batting: RHB Hector Torres 0-0: Called Strike
0-1: Ball
1-1: Ground out 5-3 (Groundball, 5, EV 82.5 MPH)
Batting: LHB Greg Parks 0-0: Ball
1-0: Ball
2-0: DOUBLE (Flyball, 78D, EV 101.9 MPH)
Batting: LHB Octávio Herrera 0-0: Ball
1-0: Ball
2-0: Ball
3-0: Base on Balls
Batting: RHB Cedric Young 0-0: Ball
Greg Parks steals 3rd base
Octávio Herrera to second
1-0: Ball
2-0: DOUBLE (Line Drive, 89D, EV 107.5 MPH)
Greg Parks scores
Octávio Herrera scores
Batting: LHB Duke Sims 0-0: Called Strike
0-1: Ball
1-1: Ball
2-1: Foul Ball, location: 7LSF
2-2: Foul Ball, location: 23F
2-2: Fly out, F7 (Line Drive, 7LM, EV 86.3 MPH)
Batting: RHB Jeff Burroughs 0-0: Swinging Strike
0-1: SINGLE (Groundball, 34D, EV 104.4 MPH)
Cedric Young to third
Runner from 3rd tries for Home, SAFE, throw by RF to home
Batting: LHB Brenton Collins 0-0: Called Strike
0-1: Foul Ball, location: 9LSF
0-2: Ball
1-2: Ground out 4-3 (Groundball, 4, EV 91.9 MPH)
Top of the 3rd over - 3 runs, 3 hits, 0 errors, 1 left on base; Savannah 5 - Paradise Valley 0
BOTTOM OF THE 3RD
Paradise Valley Polar Kings batting - Pitching for Savannah Indians : LHP Akihiro Sasaki
Batting: RHB Bob Bradley 0-0: Called Strike
0-1: DOUBLE (Line Drive, 9LD, EV 100.6 MPH)
Batting: RHB Justin Porter 0-0: Ball
1-0: Called Strike
1-1: Foul Ball, location: 3F
1-2: Strikes out swinging
Batting: RHB Tom Goodwin 0-0: Ground out U3 (Groundball, 3, EV 106.3 MPH)
Bob Bradley to third
Batting: LHB Germán Ramírez 0-0: Fly out, F8 (Flyball, 89M, EV 98.1 MPH)
Bottom of the 3rd over - 0 runs, 1 hit, 0 errors, 1 left on base; Savannah 5 - Paradise Valley 0
TOP OF THE 4TH
Savannah Indians batting - Pitching for Paradise Valley Polar Kings : RHP Carlos Moreno
Batting: LHB Harvey Howell 0-0: Fly out, F9 (Flyball, 9, EV 86.9 MPH)
Batting: LHB Ed Kranepool 0-0: Ball
1-0: Foul Ball, location: 5FF
1-1: Ground out 6-3 (Groundball, 6M, EV 80.0 MPH)
Batting: RHB Hector Torres 0-0: Ball
1-0: Called Strike
1-1: DOUBLE (Flyball, 89D, EV 110.0 MPH)
Batting: LHB Greg Parks 0-0: Swinging Strike
0-1: Ball
1-1: Ball
2-1: DOUBLE (Groundball, 3L, EV 109.4 MPH)
Hector Torres scores
Pitching: LHP Melvin Day
Batting: LHB Octávio Herrera 0-0: Swinging Strike
0-1: Ball
1-1: Fly out, F8 (Flyball, 89D, EV 105.0 MPH)
Top of the 4th over - 1 run, 2 hits, 0 errors, 1 left on base; Savannah 6 - Paradise Valley 0
BOTTOM OF THE 4TH
Paradise Valley Polar Kings batting - Pitching for Savannah Indians : LHP Akihiro Sasaki
Batting: RHB Will Bland 0-0: Foul Ball, location: 2F
0-1: Ground out 3-1 (Groundball, 34, EV 98.1 MPH)
Batting: LHB Greg Mills 0-0: Ball
1-0: Ball
2-0: Fly out, F7 (Flyball, 7D, EV 93.1 MPH)
Batting: RHB Noel Byrd 0-0: Ball
1-0: Ball
2-0: Called Strike
2-1: SINGLE (Groundball, 34D, EV 95.0 MPH)
Batting: LHB Emílio Manuel 0-0: Swinging Strike
0-1: Called Strike
0-2: Ball
1-2: Ground out 4-3 (Groundball, 4, EV 84.4 MPH)
Bottom of the 4th over - 0 runs, 1 hit, 0 errors, 1 left on base; Savannah 6 - Paradise Valley 0
TOP OF THE 5TH
Savannah Indians batting - Pitching for Paradise Valley Polar Kings : LHP Melvin Day
Batting: RHB Cedric Young 0-0: Ball
1-0: Foul Ball, location: 2F
1-1: Ball
2-1: Foul Ball, location: 2LF
2-2: Foul Ball, location: 2F
2-2: Fly out, F7 (Line Drive, 7LM, EV 86.3 MPH)
Batting: LHB Duke Sims 0-0: Called Strike
0-1: Ball
1-1: Foul Ball, location: 2F
1-2: Ball
2-2: Ball
3-2: Fly out, F5 (Popup, 5F, EV 78.1 MPH)
Batting: RHB Jeff Burroughs 0-0: Ball
1-0: Fly out, F8 (Flyball, 8RXD, EV 110.0 MPH)
Top of the 5th over - 0 runs, 0 hits, 0 errors, 0 left on base; Savannah 6 - Paradise Valley 0
BOTTOM OF THE 5TH
Paradise Valley Polar Kings batting - Pitching for Savannah Indians : LHP Akihiro Sasaki
Batting: RHB Katsuyoshi Fujii 0-0: Ground out 5-3 (Groundball, 56, EV 68.1 MPH)
Batting: RHB Bob Bradley 0-0: Foul Ball, location: 2F
0-1: Fly out, F3 (Popup, 23F, EV 91.3 MPH)
Batting: RHB Justin Porter 0-0: Ball
1-0: SINGLE (Line Drive, 3D, EV 98.8 MPH)
Batting: RHB Tom Goodwin 0-0: Ball
1-0: Foul Ball, location: 3SF
1-1: SINGLE (Groundball, 34D, EV 110.6 MPH)
Justin Porter to second
Runner from 2nd tries for 3rd, SAFE, no throw by RF
Batting: LHB Germán Ramírez 0-0: Ball
1-0: Fly out, F7 (Flyball, 78D, EV 105.6 MPH)
Bottom of the 5th over - 0 runs, 2 hits, 0 errors, 2 left on base; Savannah 6 - Paradise Valley 0
TOP OF THE 6TH
Savannah Indians batting - Pitching for Paradise Valley Polar Kings : LHP Melvin Day
Pinch Hitting: RHB Tommy Helms 0-0: Ball
1-0: Ball
2-0: Ground out 4-3 (Groundball, 4S, EV 86.3 MPH)
Batting: LHB Harvey Howell 0-0: Fly out, F8 (Flyball, 89M, EV 75.6 MPH)
Batting: LHB Ed Kranepool 0-0: Called Strike
0-1: Swinging Strike
0-2: Ball
1-2: Strikes out swinging
Top of the 6th over - 0 runs, 0 hits, 0 errors, 0 left on base; Savannah 6 - Paradise Valley 0
BOTTOM OF THE 6TH
Paradise Valley Polar Kings batting - Pitching for Savannah Indians : LHP Akihiro Sasaki
Now in RF: Bill Payne
Batting: RHB Will Bland 0-0: Fly out, F9 (Line Drive, 89M, EV 88.1 MPH)
Batting: LHB Greg Mills 0-0: Ball
1-0: Swinging Strike
1-1: Ball
2-1: Foul Ball, location: 5SF
2-2: Foul Ball, location: 25FF
2-2: Strikes out looking
Batting: RHB Noel Byrd 0-0: Swinging Strike
0-1: Foul Ball, location: 2F
0-2: Foul Ball, location: 3FF
0-2: Ball
1-2: Ball
2-2: Strikes out looking
Bottom of the 6th over - 0 runs, 0 hits, 0 errors, 0 left on base; Savannah 6 - Paradise Valley 0
TOP OF THE 7TH
Savannah Indians batting - Pitching for Paradise Valley Polar Kings : LHP Melvin Day
Batting: RHB Hector Torres 0-0: Ground out 6-3 (Groundball, 56, EV 108.8 MPH)
Batting: LHB Greg Parks 0-0: Called Strike
0-1: Ball
1-1: Foul Ball, location: 7LMFF
1-2: Strikes out looking
Batting: LHB Octávio Herrera 0-0: Fly out, F8 (Flyball, 8LM, EV 91.9 MPH)
Top of the 7th over - 0 runs, 0 hits, 0 errors, 0 left on base; Savannah 6 - Paradise Valley 0
BOTTOM OF THE 7TH
Paradise Valley Polar Kings batting - Pitching for Savannah Indians : LHP Akihiro Sasaki
Batting: LHB Emílio Manuel 0-0: Ground out 4-3 (Groundball, 4, EV 90.0 MPH)
Batting: RHB Katsuyoshi Fujii 0-0: Ground out 6-3 (Groundball, 6S, EV 88.8 MPH)
Batting: RHB Bob Bradley 0-0: Called Strike
0-1: Ball
1-1: Called Strike
1-2: Foul Ball, location: 2F
1-2: Foul Ball, location: 7LDF
1-2: Ball
2-2: Ball
3-2: Strikes out swinging
Bottom of the 7th over - 0 runs, 0 hits, 0 errors, 0 left on base; Savannah 6 - Paradise Valley 0
TOP OF THE 8TH
Savannah Indians batting - Pitching for Paradise Valley Polar Kings : LHP Melvin Day
Batting: RHB Cedric Young 0-0: Called Strike
0-1: Foul Ball, location: 5DF
0-2: Ball
1-2: Strikes out looking
Batting: LHB Duke Sims 0-0: Ground out 1-3 (Groundball, 34S, EV 75.0 MPH)
Batting: RHB Jeff Burroughs 0-0: Ball
1-0: Ball
2-0: Swinging Strike
2-1: SINGLE (Line Drive, 7S, EV 103.8 MPH)
Batting: RHB Bill Payne 0-0: Fly out, F8 (Flyball, 8RD, EV 108.1 MPH)
Top of the 8th over - 0 runs, 1 hit, 0 errors, 1 left on base; Savannah 6 - Paradise Valley 0
BOTTOM OF THE 8TH
Paradise Valley Polar Kings batting - Pitching for Savannah Indians : LHP Akihiro Sasaki
Batting: RHB Justin Porter 0-0: Foul Ball, location: 2F
0-1: Foul Ball, location: 9LSF
0-2: Ball
1-2: Foul Ball, location: 2F
1-2: DOUBLE (Flyball, 89D, EV 110.0 MPH)
Batting: RHB Tom Goodwin 0-0: Ball
1-0: Ball
2-0: Fly out, F7 (Flyball, 7D, EV 111.9 MPH)
Runner from 2nd tags up, SAFE at 3rd, no throw by LF
Batting: LHB Germán Ramírez 0-0: Ball
1-0: Ball
2-0: Ball
3-0: Foul Ball, location: 2RF
3-1: Foul Ball, location: 23F
3-2: Base on Balls
Pitching: LHP Ed Still
Batting: RHB Will Bland 0-0: Ball
1-0: Swinging Strike
1-1: Foul Ball, location: 2F
1-2: Strikes out swinging
Pinch Hitting: RHB Lou Miller 0-0: Called Strike
0-1: Called Strike
0-2: Ball
1-2: Strikes out looking
Bottom of the 8th over - 0 runs, 1 hit, 0 errors, 2 left on base; Savannah 6 - Paradise Valley 0
TOP OF THE 9TH
Savannah Indians batting - Pitching for Paradise Valley Polar Kings : LHP Melvin Day
Now at 1B: Lou Miller
Pinch Hitting: SHB Wes Parker 0-0: Called Strike
0-1: Foul Ball, location: 2F
0-2: Ground out 6-3 (Groundball, 6, EV 88.1 MPH)
Batting: LHB Ed Kranepool 0-0: Ground out 1-3 (Groundball, 13S, EV 66.3 MPH)
Batting: RHB Hector Torres 0-0: SINGLE (Groundball, 6, EV 81.3 MPH)
Batting: LHB Greg Parks 0-0: Called Strike
0-1: Foul Ball, location: 5F
0-2: Ball
1-2: SINGLE (Groundball, 6M, EV 104.4 MPH) (infield hit)
Hector Torres to second
Batting: LHB Octávio Herrera 0-0: Called Strike
0-1: Ball
1-1: Foul Ball, location: 25F
1-2: Ball
2-2: Fielders Choice at 2nd, 5-4 (Groundball, 56, EV 83.8 MPH)
Top of the 9th over - 0 runs, 2 hits, 0 errors, 2 left on base; Savannah 6 - Paradise Valley 0
BOTTOM OF THE 9TH
Paradise Valley Polar Kings batting - Pitching for Savannah Indians : LHP Ed Still
Now at C: Jesús León
Batting: RHB Noel Byrd 0-0: Ground out 3-1 (Groundball, 34, EV 98.8 MPH)
Batting: LHB Emílio Manuel 0-0: Ball
1-0: Swinging Strike
1-1: Foul Ball, location: 2F
1-2: Ball
2-2: Ground out U3 (Groundball, 3, EV 86.9 MPH)
Batting: RHB Katsuyoshi Fujii 0-0: Ball
1-0: Called Strike
1-1: Foul Ball, location: 2F
1-2: Ball
2-2: SOLO HOME RUN (Flyball, 78XD, EV 110.6 MPH), Distance : 441 ft
Batting: RHB Bob Bradley 0-0: Ball
1-0: Ball
2-0: Fly out, F7 (Flyball, 7LM, EV 110.6 MPH)
Bottom of the 9th over - 1 run, 1 hit, 0 errors, 0 left on base; Savannah 6 - Paradise Valley 1
Friday, April 19th , 2024 - OOTP Baseball 24.8 Build 75